 Dungeon Crawl Stone Soup version 0.28.0-45-g0d030f2227 (console) character file.

Game seed: 6495504648840352696

450 Banquo the Magician (level 7, -4/47 HPs)
             Began as a Djinni Hedge Wizard on Apr 20, 2022.
             Slain by an ice beast (10 damage)
             ... on level 5 of the Dungeon on Apr 21, 2022.
             The game lasted 00:15:25 (5940 turns).

Banquo the Magician (Djinni Hedge Wizard)           Turns: 5940, Time: 00:15:25

Health: -4/47      AC:  7    Str:  9    XL:     7   Next: 25%
Gold:   123        EV: 12    Int: 17    God:
                   SH:  0    Dex: 13

rFire   + + .      SeeInvis .   f - +3 dagger (venom)
rCold   . . .      Faith    .   (no shield)
rNeg    + . .      Spirit   .   w - +2 leather armour {rC+}
rPois   ∞          Reflect  .   c - +0 hat
rElec   .          Harm     .   n - +0 cloak
rCorr   +          Rampage  .   g - +0 pair of gloves
Will    .....                   (boots unavailable)
Stlth   ++........              (no amulet)
HPRegen 0.15/turn               e - ring of resist corrosion
MPRegen 0.00/turn               p - ring of positive energy

@: flying, very slightly contaminated
A: sickness immunity, fire resistance 2, cold vulnerability 1, float, innate
caster, HP casting, extra vitality 1
a: no special abilities


You were on level 5 of the Dungeon.
You visited 1 branch of the dungeon, and saw 5 of its levels.

You collected 123 gold pieces.

Inventory:

Hand Weapons
 a - a +0 dagger
 f - a +3 dagger of venom (weapon)
 h - a +1 trident of venom
 u - a +1 vorpal flail
 x - a +0 war axe
Missiles
 l - 3 silver boomerangs
 m - 6 silver javelins
 A - 3 boomerangs
Armour
 b - a +0 robe
 c - a +0 hat (worn)
 g - a +0 pair of gloves (worn)
 k - the +1 ring mail of Going Fast {Rampage Dex+4}
   (You found it on level 5 of the Dungeon)

   Dex:       It affects your dexterity (+4).
   Rampage:   It bestows one free step when moving towards enemies.
 n - a +0 cloak (worn)
 t - a +0 kite shield
 w - a +2 leather armour of cold resistance (worn)
Magical Staves
 s - a staff of fire
Jewellery
 d - a ring of fire
 e - a ring of resist corrosion (left hand)
 p - a ring of positive energy (right hand)
Wands
 q - a wand of iceblast (4)
 z - a wand of digging (5)
Scrolls
 r - 3 scrolls of teleportation
 v - a scroll of vulnerability
Potions
 i - a potion of mutation {unknown}
 j - a potion of flight {unknown}
 o - a potion of heal wounds {unknown}


   Skills:
 * Level 1.5 Fighting
 * Level 0.2 Short Blades
 * Level 1.3 Armour
 * Level 3.3 Dodging
 + Level 2.4 Stealth
 * Level 1.2 Shields
 * Level 4.8 Spellcasting


You couldn't memorise any spells.
You knew the following spells:

 Your Spells              Type           Power      Damage    Failure   Level
a - Magic Dart            Conj           80%        1d7       2%          1
b - Ensorcelled Hibernat  Hex/Ice        40%        N/A       4%          2
c - Mephitic Cloud        Conj/Pois/Air  20%        N/A       9%          3
d - Corpse Rot            Necr/Air       40%        N/A       4%          2
f - Conjure Flame         Conj/Fire      20%        6-21      9%          3
i - Call Imp              Summ           20%        N/A       4%          2
s - Slow                  Hex            80%        N/A       2%          1
z - Sting                 Tmut/Pois      80%        1d7       2%          1
B - Blink                 Tloc           40%        N/A       4%          2
Your spell library was empty.

Dungeon Overview and Level Annotations

Branches:
Dungeon (5/15)
 Temple: D:4-7

Altars:
Gozag


Innate Abilities, Weirdness & Mutations

You are immune to sickness and miasma.
You are immune to poison.
Your flesh is very heat resistant. (rF++)
You are vulnerable to cold. (rC-)
You float through the air rather than walking.
You learn spells naturally, not from books.
Your magical power is your life essence.
You have superior vitality. (+4 MHP)


Message History

The ice beast is severely wounded.
The ice beast hits you but does no damage.
You barely miss the ice beast. Your punch misses the ice beast.
The ice beast is severely wounded.
The ice beast hits you. The ice beast freezes you!
You barely miss the ice beast.
The ice beast is severely wounded.
The ice beast hits you but does no damage.
You barely miss the ice beast.
The ice beast is severely wounded.
The ice beast hits you. The ice beast freezes you!
* * * LOW HITPOINT WARNING * * *
Casting: Conjure Flame (dangerous; 9% risk of failure)
Confirm with . or Enter, or press ? or * to list all spells.
Aiming: Magic Dart (safe; 2% risk of failure)
Press: ? - help, Shift-Dir - straight line, f - ice beast
Aim: an ice beast (heavily wounded, 100% to hit)
The magic dart hits the ice beast.
The ice beast is severely wounded.
* * * LOW HITPOINT WARNING * * *
The ice beast hits you but does no damage.
Casting: Magic Dart (safe; 2% risk of failure)
Confirm with . or Enter, or press ? or * to list all spells.
You miscast Call Imp.
You are very lightly contaminated with residual magic.
Nothing appears to happen.
* * * LOW HITPOINT WARNING * * *
The ice beast hits you but does no damage.
Casting: Call Imp (safe; 4% risk of failure)
Confirm with . or Enter, or press ? or * to list all spells.
A beastly little devil appears in a puff of flame.
* * * LOW HITPOINT WARNING * * *
The ice beast hits you but does no damage.
Unknown command.
You closely miss the ice beast.
The ice beast is severely wounded.
The ice beast hits you.
* * * LOW HITPOINT WARNING * * *
The ice beast freezes you!
You die...

#..#..##..................<..# ##
##.#..#......#..............##
.###...#......#*,..............#
.......#.#<.#.#**..............##
#####..######**###*.#.>.........#
######.#,**,,**#..####..........#
...# #..#***,**,##5#............#
..## ##.#_*,**,##Y#........#.####
..####*##*,**,*#@###.#..#..###
.....## ###,,**#..#####....#
.#....###.######### #....#
.#.............# ######
.###...#...##..# ..###########.##
..# ### ###


You could see an ice beast (ally target) and a friendly crimson imp (summoned).

Vanquished Creatures
  A centaur (D:5)
  An ogre (D:5)
  Blork the orc (D:4)
  A hound (D:4)
  An orc wizard (D:4)
  8 adders
  An adder skeleton (D:4)
  2 worms
  2 dart slugs (D:3)
  6 orcs
  5 endoplasms
  5 giant cockroaches
  8 hobgoblins
  8 jackals
  3 quokkas
  6 ball pythons
  4 bats
  4 frilled lizards
  6 goblins
  12 kobolds
  2 rats
87 creatures vanquished.

Notes
Turn   | Place    | Note
-------+----------+-------------------------------------------
     0 | D:1      | Banquo the Djinni Hedge Wizard began the quest for the Orb.
     0 | D:1      | Reached XP level 1. HP: 15/15 MP: 0/0
   464 | D:1      | Reached XP level 2. HP: 18/21 MP: 0/0
   771 | D:1      | Found a faded altar of an unknown god.
   883 | D:1      | Reached XP level 3. HP: 24/25 MP: 0/0
   883 | D:1      | Learned a level 1 spell: Sting
   892 | D:1      | Reached skill level 3 in Spellcasting
  2066 | D:2      | Reached XP level 4. HP: 26/31 MP: 0/0
  3269 | D:3      | Reached XP level 5. HP: 31/35 MP: 0/0
  3269 | D:3      | Learned a level 2 spell: Corpse Rot
  4132 | D:4      | Found an opulent altar of Gozag.
  4462 | D:4      | Reached skill level 4 in Spellcasting
  4473 | D:4      | Reached XP level 6. HP: 20/41 MP: 0/0
  4683 | D:4      | Noticed Blork the orc
  4693 | D:4      | Killed Blork the orc
  4694 | D:4      | Reached skill level 1 in Fighting
  5392 | D:5      | Entered Level 5 of the Dungeon
  5489 | D:5      | Identified the +1 ring mail of Going Fast {Rampage Dex+4}
  5497 | D:5      | Noticed an ice beast
  5580 | D:5      | Noticed an ogre
  5594 | D:5      | Killed an ogre
  5595 | D:5      | Reached skill level 1 in Armour
  5595 | D:5      | Reached skill level 1 in Shields
  5595 | D:5      | Reached XP level 7. HP: 35/47 MP: 0/0
  5595 | D:5      | Learned a level 2 spell: Ensorcelled Hibernation
  5940 | D:5      | Slain by an ice beast

Illustrated notes

Levels and vault maps discovered:
D:1:      shiori_arrival_oz, layout_loops_ring,
          shapermc_ecumenical_altar_mp_urbaneastern
D:2:      layout_basic
D:3:      layout_loops_cross
D:4:      layout_basic, grunt_gozag_statues, uniq_blork_the_orc
D:5:      layout_cave_pools, marbit_many_paths

Skill      XL: |  1  2  3  4  5  6 |
---------------+-------------------+-----
Spellcasting   | 3 4 |  4.8
Stealth        | 2 |  2.4
Fighting       | 1 |  1.5
Dodging        | 3 |  3.3
Armour         | 1 |  1.3
Shields        | 1 |  1.2
Short Blades   | |  0.2

Action                   |  1- 3 |  4- 6 |  7- 9 || total
-------------------------+-------+-------+-------++-------
Melee: Dagger            |    11 |    56 |    30 ||    97
       Punch             |       |     2 |       ||     2
 Cast: Magic Dart        |    73 |   129 |     1 ||   203
       Sting             |       |     5 |     2 ||     7
       Mephitic Cloud    |       |     2 |       ||     2
       Conjure Flame     |       |       |     1 ||     1
       Call Imp          |       |       |     1 ||     1
       Ensorcelled Hiber |       |       |     1 ||     1
  Use: Scroll            |       |     8 |       ||     8
 Stab: Sleeping          |       |       |     1 ||     1
Armor: Robe              |     4 |    11 |       ||    15
       Leather armour    |       |     4 |    18 ||    22
Dodge: Dodged            |     9 |    29 |    17 ||    55
